 Dungeon Crawl Stone Soup version 0.21-a0-349-g0c35859 (webtiles) character file.

113 vishdafish the Chucker (level 4, -4/41 HPs)
             Began as a Troll Hunter on Oct 7, 2017.
             Slain by Terence
             ... wielding a +2 hand axe of electrocution
              (8 damage)
             ... on level 3 of the Dungeon.
             The game lasted 00:03:14 (1909 turns).

vishdafish the Chucker (Troll Hunter)               Turns: 1909, Time: 00:03:18

Health: -4/41      AC:  6    Str: 20    XL:     4   Next: 65%
Magic:  3/3        EV: 10    Int:  8    God:
Gold:   90         SH:  0    Dex: 10    Spells: 3/3 levels left

rFire    . . .     SeeInvis .   (no weapon)
rCold    . . .     Gourm    +   (no shield)
rNeg     . . .     Faith    .   b - +0 robe
rPois    .         Spirit   .   (helmet restricted)
rElec    .         Reflect  .   m - +0 cloak
rCorr    .         Harm     .   (gloves unavailable)
MR       .....     Rnd*Tele +   (boots unavailable)
Stlth    +.........             (no amulet)
HPRegen  0.53/turn              h - ring of teleportation (curse)
MPRegen  0.08/turn              (no ring)

@: no status effects
A: unfitting armour, claws 3, fast metabolism 3, gourmand, regeneration 1,
shaggy fur 1, tough skin 2
a: no special abilities


You were on level 3 of the Dungeon.
You were not hungry.

You visited 1 branch of the dungeon, and saw 3 of its levels.

You collected 90 gold pieces.

Inventory:

Hand Weapons
 a - a +0 short sword
Missiles
 c - 5 large rocks (quivered)
 d - 2 throwing nets
Armour
 b - a +0 robe (worn)
 m - a +0 cloak (worn)
Jewellery
 h - a cursed ring of teleportation (left claw)
Scrolls
 i - a scroll of fear {unknown}
 j - a scroll of identify {unknown}
 l - 2 scrolls of enchant weapon {unknown}
 n - a scroll of magic mapping {unknown}
 t - a scroll of remove curse {unknown}
 v - a scroll of enchant armour {unknown}
Potions
 e - a potion of degeneration {unknown}
 k - a potion of lignification {unknown}
 o - a potion of invisibility {unknown}
 p - a potion of flight {unknown}
 q - a potion of haste {unknown}
 r - a potion of curing
 u - a potion of berserk rage {unknown}
 x - 2 potions of heal wounds {unknown}
 z - a potion of brilliance {unknown}
Comestibles
 f - a bread ration
 g - a royal jelly
 s - a meat ration
 w - 4 fruits


   Skills:
 - Level 1.5 Fighting
 * Level 5.0 Throwing
 + Level 2.6 Dodging
 - Level 0.3 Stealth


You had 3 spell levels left.
You didn't know any spells.

Dungeon Overview and Level Annotations

Branches:
Dungeon (3/15)

Altars:
Qazlal

Annotations:
D:3 Terence


Innate Abilities, Weirdness & Mutations

You are too large for most types of armour.
You have claws for hands.
Your metabolism is lightning-fast.
You like to eat raw meat.
Your natural rate of healing is unusually fast.
You are covered in fur. (AC +1)
You have very tough skin. (AC +2)


Message History

You are too injured to fight recklessly!
You are too injured to fight recklessly!
You are too injured to fight recklessly!
You are too injured to fight recklessly!
You are too injured to fight recklessly!
You are too injured to fight recklessly!
You are too injured to fight recklessly!
You are too injured to fight recklessly!
You are too injured to fight recklessly!
You are too injured to fight recklessly!
You are too injured to fight recklessly!
You are too injured to fight recklessly!
You completely miss Terence.
Terence is severely wounded.
The giant cockroach bites you.
* * * LOW HITPOINT WARNING * * *
Terence hits you with a hand axe of electrocution.
* * * LOW HITPOINT WARNING * * *
You are electrocuted!
You die...

≈≈≈≈≈...# ..≈.....# ### ≈≈.≈.≈..#
########### #.. .#......#
##......>...######.. ........#
##...............##.. .#......#
#................###. #####.###
#.................... #.#
#................####
#####.#######.##@......##....# #
.............##s@♣...♣..##...####
....#.########..b....... #.......
#...#.########.....♣.... #...#...
##..#........#..>.....<. #......#
.<.........###.....♣.... #......#
......###....#.......... #b....##
..........#####..♣...♣. #...###
........†.##..##... #...#


You could see Terence, a giant cockroach and a bat.

Vanquished Creatures
  3 adders
  A worm (D:2)
  2 dart slugs (D:1)
  4 leopard geckos
  4 bats (D:1)
  A giant cockroach (D:1)
  7 goblins
  15 hobgoblins
  11 jackals
  4 ball pythons
  3 frilled lizards
  7 kobolds
  7 rats
69 creatures vanquished.

Notes
Turn   | Place    | Note
-------+----------+-------------------------------------------
     0 | D:1      | vishdafish the Troll Hunter began the quest for the Orb.
     0 | D:1      | Reached XP level 1. HP: 19/19 MP: 0/0
   207 | D:1      | Reached XP level 2. HP: 27/27 MP: 1/1
   222 | D:1      | Reached skill level 4 in Throwing
   453 | D:1      | Reached XP level 3. HP: 30/33 MP: 2/2
   890 | D:2      | Found a stormy altar of Qazlal.
  1529 | D:2      | Reached XP level 4. HP: 35/41 MP: 3/3
  1658 | D:3      | Found a faded altar of an unknown god.
  1771 | D:3      | Reached skill level 5 in Throwing
  1895 | D:3      | Noticed Terence
  1909 | D:3      | Slain by Terence

Vault maps used:
D:1:      dpeg_arrival_three_same_balls, corexii_hall_statues_l
D:2:      grunt_qazlal_clouds
D:3:      chequers_ecumenical_altar_island, grunt_ministairs_10, uniq_terence

Skill      XL: |  1  2  3  4 |
---------------+-------------+-----
Throwing       | 4 5 |  5.0
Dodging        | 2 |  2.6
Fighting       | |  1.5
Stealth        | |  0.3

Action                   |  1- 3 |  4- 6 || total
-------------------------+-------+-------++-------
Melee: Unarmed           |   146 |    81 ||   227
       Short sword       |    15 |       ||    15
 Stab: Sleeping          |       |     1 ||     1
  Eat: Chunk             |     4 |     6 ||    10
       Bread ration      |     1 |       ||     1
       Royal jelly       |     1 |       ||     1
Armor: Robe              |    45 |    42 ||    87
Dodge: Dodged            |    90 |    56 ||   146

Table legend:
 A = Spawn XP
 B = Non-spawn XP
 C = Spawn XP percentage of total XP
 D = Spawn monster count
 E = Non-spawn monster count
 F = Spawn count percentage of total count
 G = Total turns spent on level
                    A         B        C        D         E        F      G
               +---------+---------+-------+---------+---------+-------+---------
         Total |       0 |     162 |   0.0 |       0 |      69 |   0.0 |  1909
               +---------+---------+-------+---------+---------+-------+---------
           D:1 |       0 |      56 |   0.0 |       0 |      32 |   0.0 |   889
           D:2 |       0 |      48 |   0.0 |       0 |      18 |   0.0 |   720
           D:3 |       0 |      58 |   0.0 |       0 |      19 |   0.0 |   300
               +---------+---------+-------+---------+---------+-------+---------
